Map: Prion Terraces

Players

Magistrate

  • Race: Terran Terran
  • League: Platinum

LilDicky - Winner!

  • Race: Terran Terran
  • League: Diamond

VOD

http://www.twitch.tv/tumescentpie

Description

Time

  • Played on: Dec. 2, 2015, 2:08 a.m.
  • Length: 15:57
Show
View Real Time Build Order
Export as new Build Order

Magistrate Terran 

Build Orders: Banshee Rush 

Get SALT Encoding   

  12  0:01  SCV  
  13  0:16  Supply Depot  
  13  0:18  SCV  
  14  0:25  Refinery  
  14  0:30  SCV  
  15  0:41  Barracks  
  15  0:46  SCV  
  16  0:57  Refinery  
  16  0:58  SCV  
  17  1:10  SCV  
  18  1:23  SCV  
  19  1:28  Barracks Reactor  
  19  1:30  Supply Depot  
  19  1:38  Orbital Command  
  19  2:01  Factory  
  19  2:06  Reaper x2  
  19  2:07  SCV  
  21  2:19  SCV  
  22  2:31  SCV  
  22  2:35  Supply Depot  
  23  2:40  Marine  
  23  2:41  Marine  
  24  2:51  Factory Tech Lab  
  24  3:11  SCV, Starport  
  25  3:12  Engineering Bay  
  25  3:21  Barracks  
  25  3:23  SCV  
  26  3:35  SCV  
  26  3:43  Missile Turret  
  26  3:47  SCV  
  27  3:52  Marine x2  
  27  3:53  Factory Reactor  
  29  3:56  Cloaking Field  
  29  3:57  Banshee  
  32  4:03  SCV  
  33  4:16  SCV  
  34  4:23  Barracks Tech Lab  
  34  4:25  Barracks Reactor  
  34  4:26  Marine x2  
  36  4:32  Supply Depot, Widow Mine  
  36  4:33  Supply Depot  
  38  4:53  Banshee, Widow Mine  
  38  4:59  SCV  
  44  5:02  Command Center  
  44  5:20  SCV  
  38  6:18  Marine x4  
  42  6:36  Bunker, Marine x4  
  42  6:38  Bunker  
  46  6:53  Marine  
  40  7:08  Siege Tank  
  40  7:13  Terran Infantry Weapons Level 1, Viking  
  40  7:14  Viking  
  40  7:15  Factory  
  47  7:26  Liberator x2  
  47  7:29  Marine x2  
  46  7:30  Marine x2  
  50  7:40  Siege Tank  
  59  7:47  Marine x3  
  55  8:07  SCV  
  55  8:08  Orbital Command  
  57  8:20  SCV  
  57  8:22  Command Center  
  57  8:26  Medivac x2  
  61  8:32  SCV  
  62  8:37  Marine x3  
  62  8:40  Marine  
  66  8:42  Factory Tech Lab  
  66  8:44  SCV  
  67  8:55  Marine x3  
  67  9:01  Refinery  
  70  9:07  Supply Depot  
  70  9:19  SCV, Viking  
  70  9:28  Viking, Marine x4  
  76  9:46  Marine x4  
  80  9:53  Starport  
  80  9:54  Terran Infantry Armor Level 1  
  80  9:59  Armory  
  80  10:00  Refinery  
  80  10:02  Barracks  
  80  10:03  SCV  
  80  10:04  Marine x2  
  80  10:05  SCV  
  86  10:09  Siege Tank  
  89  10:15  SCV  
  89  10:17  SCV  
  89  10:24  Marine x3  
  92  10:41  Marine  
  93  10:51  Starport Tech Lab  
  93  10:57  Supply Depot  
  93  11:01  Missile Turret  
  93  11:02  Missile Turret  
  93  11:09  Viking  
  93  11:10  Viking  
  93  11:11  Missile Turret  
  93  11:12  Missile Turret  
  93  11:18  Marine x3  
  90  11:36  Marine x2  
  78  12:08  Siege Tank  
  71  12:22  Orbital Command  
  71  12:25  Marine x3  
  72  12:40  Siege Tank  
  72  12:43  Marine x3  
  74  12:59  SCV x2  
  74  13:00  Marine  
  74  13:01  Marine x2  
  74  13:02  Missile Turret  
  79  13:06  Bunker  
  79  13:11  SCV x2  
  81  13:18  Marine x2  
  81  13:19  Marine  
  84  13:36  Marine x2  
  82  13:52  Marine  
  82  13:54  Marine x2  
  85  14:09  Marine  
  85  14:12  Marine x2  
  88  14:18  Viking x2  
  88  14:19  SCV  
  93  14:24  Raven  
  93  14:25  SCV  
  93  14:27  Marine  
  93  14:29  Marine  
  63  14:48  Marine  
  59  15:06  Marine  
  42  15:24  Marine  
  42  15:30  Barracks  
  42  15:31  Barracks  
Show
View Real Time Build Order
Export as new Build Order

LilDicky Terran - Winner!

Build Orders: Reaper Expand, MMM Bio 

Get SALT Encoding   

  12  0:02  SCV  
  13  0:14  SCV  
  13  0:18  Supply Depot  
  14  0:33  SCV  
  15  0:42  Barracks  
  15  0:45  SCV  
  15  0:46  Refinery  
  16  0:58  SCV  
  17  1:10  SCV  
  18  1:22  SCV  
  19  1:37  Orbital Command  
  19  1:40  Reaper  
  19  1:45  Command Center  
  20  1:56  Supply Depot  
  20  2:07  SCV  
  21  2:12  Refinery  
  21  2:21  Marine  
  22  2:24  SCV  
  22  2:26  Factory  
  23  2:37  SCV  
  24  2:53  Marine  
  24  2:57  SCV  
  25  3:01  Orbital Command  
  25  3:09  SCV  
  25  3:10  Hellion  
  25  3:12  Starport  
  28  3:14  Marine  
  29  3:21  SCV  
  29  3:43  SCV  
  29  3:45  SCV  
  29  3:46  Factory Tech Lab  
  31  3:53  Barracks Reactor  
  31  3:55  SCV, Barracks x2  
  32  3:56  Barracks  
  32  3:57  SCV  
  33  4:07  SCV  
  34  4:14  Command Center, Banshee, Cloaking Field  
  37  4:18  Factory Tech Lab  
  37  4:19  Engineering Bay  
  37  4:27  SCV  
  37  4:30  SCV  
  39  4:35  Refinery  
  39  4:39  SCV  
  39  4:40  Siege Tank  
  42  4:51  Barracks Reactor, Barracks Tech Lab x2  
  42  4:52  Marine x2  
  44  4:58  Missile Turret  
  44  5:11  Supply Depot  
  44  5:26  Banshee, Siege Tank  
  44  5:27  SCV  
  44  5:28  SCV, Orbital Command  
  52  5:29  Refinery  
  52  5:38  Marine x2  
  52  5:39  Missile Turret  
  49  6:00  Marine x3  
  49  6:01  Stimpack  
  52  6:08  Raven  
  49  6:41  Marine x3  
  51  6:55  Orbital Command  
  47  7:01  Viking  
  49  7:12  Siege Tank, Marine x6  
  49  7:13  SCV  
  59  7:21  Supply Depot  
  57  7:23  Barracks x4  
  57  7:24  SCV x2, Barracks x2  
  57  7:25  SCV  
  60  7:35  Marine x2  
  60  7:36  SCV  
  60  7:37  SCV x2  
  64  7:39  Marine x2  
  64  7:40  Marine  
  64  7:43  Banshee, Marauder  
  73  7:49  Siege Tank  
  59  8:09  Marine x5  
  59  8:10  Marine x2  
  66  8:13  SCV x3  
  69  8:21  Missile Turret  
  69  8:24  Barracks Tech Lab x2  
  69  8:25  Combat Shields, Banshee, SCV x3  
  75  8:29  Marine x2  
  75  8:30  Barracks Reactor  
  75  8:31  Barracks Reactor x2  
  77  8:34  Supply Depot  
  77  8:35  Supply Depot  
  77  8:49  Command Center  
  77  8:52  Concussive Shells  
  77  8:56  SCV, Marauder, Marine x4  
  77  8:57  Marauder  
  80  9:25  SCV x2  
  80  9:26  SCV  
  81  9:35  Viking  
  78  9:39  Marine x2  
  78  9:40  Marine x5  
  78  9:41  Marauder x3  
  78  9:42  Factory Tech Lab  
  91  10:09  SCV  
  91  10:32  Planetary Fortress  
  91  10:34  Marine  
  85  10:52  Orbital Command  
  85  10:53  Marine x11  
  85  10:54  Marine x2  
  85  10:55  Command Center  
  85  10:56  Command Center  
  102  11:04  Starport x2  
  80  11:53  Medivac x3  
  80  11:54  Marine x7  
  86  11:57  SCV  
  86  11:58  SCV  
  86  11:59  SCV  
  77  12:09  SCV  
  77  12:10  SCV  
  77  12:11  SCV  
  79  12:21  SCV  
  66  12:22  SCV, Medivac  
  66  12:24  SCV  
  66  12:25  Marine  
  66  12:26  Marine x14  
  74  12:33  SCV  
  74  12:35  SCV  
  74  12:36  SCV  
  77  12:38  Planetary Fortress  
  77  12:45  SCV, Marauder x2  
  77  12:47  SCV  
  84  12:53  Planetary Fortress  
  84  12:58  SCV  
  84  13:01  Marine x4  
  84  13:02  Marine x4  
  86  13:06  Refinery, Marine  
  86  13:07  Refinery, Marine  
  86  13:11  Marine x4  
  86  13:12  Marine  
  93  13:15  Siege Tank  
  93  13:18  Refinery  
  96  13:20  Refinery  
  94  13:42  Orbital Command  
  94  13:43  Marine  
  93  14:02  Marine  
  93  14:03  Marine x10  
  93  14:04  Marauder x2  
  105  14:15  Missile Turret  
  105  14:20  Missile Turret  
  105  14:21  Marine  
  105  14:22  Marauder, Marine x8  
  108  14:58  Marine  
  108  14:59  Marine x13  
  122  15:00  Marauder  
  106  15:13  Supply Depot  
  129  15:14  Medivac x3  
  104  15:16  Marine x4  
  104  15:17  Marine x10  
  104  15:18  Supply Depot  
  123  15:37  Supply Depot  
  123  15:38  Supply Depot x2  
Tags
 
Add a new tag
Caveats
  • Supply blocks, unpowered buildings, or Contaminate may cause inaccurate times.
  • Supply counts are checked every 10 seconds.